 Dungeon Crawl Stone Soup version 0.18-a0-1628-g61c6396 (webtiles) character file.

6717 Oddball22 the Martial Artist (level 10, -3/82 HPs)
             Began as a Demonspawn Monk on Mar 25, 2016.
             Was a Follower of Ru.
             Succumbed to Sonja's poison
             ... on level 10 of the Dungeon.
             The game lasted 00:30:21 (11281 turns).

Oddball22 the Martial Artist (Demonspawn Monk)     Turns: 11281, Time: 00:30:21

Health: -3/82      AC: 11    Str: 15    XL:     10   Next: 74%
Magic:  10/10      EV: 24    Int: 11    God:    Ru [*.....]
Gold:   480        SH:  0    Dex: 21    Spells: 0 memorised, 9 levels left

rFire  . . .     SeeInvis .     y - +4 whip (elec)
rCold  . . .     Gourm    .     R - -1 robe (curse)
rNeg   . . .     Faith    .     (no shield)
rPois  .         Spirit   .     g - +0 helmet
rElec  .         Dismiss  .     A - +0 cloak
rCorr  .         Reflect  .     (no gloves)
SustAt .         Harm     .     (no boots)
MR     +....                    (no amulet)
Stlth  +++.......               m - +4 ring of protection
                                k - ring of protection from magic

@: agile, lethally poisoned (-3 -> -36), very slightly contaminated, hasted and
slowed, somewhat resistant to hostile enchantments, fairly stealthy
A: talons 1, iridescent scales 1, foul stench 2, powered by death 2, rot
immunity, no ice magic, no necromancy magic, no translocations magic
a: Renounce Religion


You were on level 10 of the Dungeon.
You worshipped Ru.
Ru was aware of your devotion.
You were not hungry.

You visited 2 branches of the dungeon, and saw 11 of its levels.
You also visited: Ossuary.

You collected 480 gold pieces.

Inventory:

Hand Weapons
 y - a +4 whip of electrocution (weapon)
 Y - the +8 flail "Pinni" {crush, MR+}
   (You found it on level 10 of the Dungeon)

   It inflicts extra damage upon your enemies.
   It affects your resistance to hostile enchantments.
Missiles
 d - 65 bolts
 s - 6 tomahawks (quivered)
 D - 13 bolts of frost
 S - 5 javelins
Armour
 g - a +0 helmet (worn)
 A - a +0 cloak (worn)
 R - a cursed -1 robe (worn)
Jewellery
 k - a ring of protection from magic (left hand)
 m - a +4 ring of protection (right hand)
 Q - an uncursed ring of protection from fire
Wands
 F - a wand of slowing (19/48)
 G - a wand of enslavement (9/24)
 T - a wand of polymorph (13/24)
 V - a wand of disintegration (1/24)
 W - a wand of acid (10/15)
 X - a wand of flame (25/48)
Scrolls
 c - 3 scrolls of remove curse {unknown}
 e - 5 scrolls of teleportation {unknown}
 f - 2 scrolls of recharging {unknown}
 h - 14 scrolls of identify
 i - 2 scrolls of enchant armour {unknown}
 j - 4 scrolls of random uselessness {unknown}
 l - 2 scrolls of noise {unknown}
 o - 2 scrolls of blinking {unknown}
 t - 2 scrolls of immolation {unknown}
 H - a scroll of magic mapping {unknown}
 L - 3 scrolls of amnesia {unknown}
 O - 2 scrolls of enchant weapon {unknown}
Potions
 n - 2 potions of beneficial mutation {unknown}
 p - a potion of agility
 q - 5 potions of degeneration {unknown}
 r - a potion of brilliance {unknown}
 u - a potion of heal wounds {unknown}
 v - 4 potions of might {unknown}
 w - 3 potions of lignification {unknown}
 B - 5 potions of curing {unknown}
 E - a potion of flight {unknown}
 M - a potion of berserk rage {unknown}
 P - a potion of magic {unknown}
 U - a potion of cure mutation {unknown}
Books
 a - a Necronomicon

   Spells                             Type                      Level
   a - Haunt                          Necromancy/Summoning         7
   b - Borgnjor's Revivification      Necromancy                   8
   c - Death's Door                   Charms/Necromancy            8
   d - Necromutation                  Transmutation/Necromancy     8
 J - a book of Debilitation

   Spells                             Type                      Level
   a - Corona                         Hexes                        1
   b - Slow                           Hexes                        2
   c - Gell's Gravitas                Hexes/Translocation          3
   d - Inner Flame                    Hexes/Fire                   3
   e - Cause Fear                     Hexes                        4
   f - Leda's Liquefaction            Hexes/Earth                  4
Miscellaneous
 K - a plain deck of changes
Comestibles
 b - 9 bread rations
 x - 3 meat rations
 z - 5 fruits
 C - 8 slices of pizza
 I - 2 beef jerkies
 Z - 14 chunks of flesh


   Skills:
 + Level 8.8 Fighting
 + Level 8.0 Dodging
 - Level 1.7 Stealth
 * Level 11.3 Unarmed Combat


You had 9 spell levels left.
You didn't know any spells.

Dungeon Overview and Level Annotations

Branches:
Dungeon (10/15)            Temple (1/1) D:7             Orc (0/2) D:9
   Lair: D:8-11

Altars:
Cheibriados
Dithmenos
Elyvilon
Fedhas
Gozag
Kikubaaqudgha
Makhleb
Nemelex Xobeh
Pakellas
Qazlal
Ru
Sif Muna
Trog
Xom
Yredelemnul
Zin
The Shining One
Beogh

Shops:
D:4 !   D:6 [

Annotations:
D:10 Sonja


Innate Abilities, Weirdness & Mutations

You have sharp toenails.
You are partially covered in iridescent scales (AC +4).
You frequently emit foul miasma when damaged in melee.
You regenerate health from kills.
You are immune to rotting.
You cannot study or cast Ice magic.
You cannot study or cast Necromancy magic.
You cannot study or cast Translocations magic.


Message History

Sonja misses you.
Sonja hits you with an uncursed short sword of venom.
Sonja completely misses you.
Sonja mumbles some strange words.
Sonja blinks!
You redirect Sonja's attack!
Sonja unwields an uncursed short sword of venom.
It stops dripping with poison.
Sonja wields an uncursed blowgun.
Sonja shoots a curare-tipped needle.
The curare-tipped needle hits Sonja.
Sonja is poisoned.
Sonja convulses.
Sonja seems to slow down.
Drink which item? (? for menu, Esc to quit)
You feel yourself speed up.
You feel extremely sick.
The hill giant hits you with a giant club!!
* * * LOW HITPOINT WARNING * * *
The hill giant looks sick.
Sonja casts a spell.
Sonja blinks!
You are very lightly contaminated with residual magic.
You die...

... ........# #.# #.......
........# #.# #.......
........# #.# #.......
........# #.# #....)..
.....K..# #.# #.......
........# #.# #.....).
....§..5#####.######.......
........C†@................
......#####.#####.#######.#
..... #.# #.# #.# .... #.#
#.# #.# ..h #.# #.# #.# ..
#.# #.# #.# . #.# #.# #.#
#.# #.# #.# #.# #.# #.#


You could see a hill giant and a crimson imp.

Vanquished Creatures
  The ghost of SirMumm the Destroyer, a novice HEWz of Okawaru (D:10)
  A troll (D:9)
  9 yaks
  2 hungry ghosts
  A hippogriff (D:10)
  A human (D:8)
  Menkaure (Ossuary)
  The ghost of donomii the Skirmisher, an amateur GrAK of Lugonu (Ossuary)
  A water moccasin (D:8)
  2 orc warriors
  2 black bears
  2 ice beasts
  A sky beast (D:5)
  A phantom (D:6)
  4 ogres
  A centaur (D:9)
  3 giant frogs
  3 scorpions
  3 killer bees (D:9)
  The ghost of Arkorax the Skirmisher, a weakling DsBe of Trog (D:3)
  4 wights (D:8)
  4 crimson imps
  2 centaur zombies
  6 hounds
  12 orc wizards
  6 orc priests
  A gnoll shaman (D:4)
  2 centaur skeletons
  Jessica (D:2)
  Ijyb (D:2)
  6 worker ants
  A killer bee zombie (D:9)
  3 sheep (D:8)
  A hound zombie (D:7)
  2 mummies (Ossuary)
  Robin (D:2)
  13 gnolls
  14 adders
  3 shadow imps
  An ooze (D:5)
  4 worms
  5 giant geckos
  48 orcs
  3 ball pythons
  8 giant cockroaches
  17 goblins
  13 hobgoblins
  14 jackals
  6 kobolds
  4 quokkas
  6 bats
  A giant gecko skeleton (D:4)
  4 giant newts
  4 gnoll skeletons (Ossuary)
  4 gnoll zombies (Ossuary)
  2 goblin skeletons (Ossuary)
  3 goblin zombies (Ossuary)
  A hobgoblin skeleton (Ossuary)
  5 hobgoblin zombies (Ossuary)
  4 kobold skeletons (Ossuary)
  4 orc skeletons (Ossuary)
  5 orc zombies (Ossuary)
  13 rats
  3 rat zombies (Ossuary)
306 creatures vanquished.

Vanquished Creatures (others)
  A troll (D:8)
  A mummy (Ossuary)
  An orc (D:10)
  2 gnoll zombies (Ossuary)
  2 goblin skeletons (Ossuary)
  A goblin zombie (Ossuary)
  A hobgoblin skeleton (Ossuary)
  3 kobold skeletons (Ossuary)
  2 orc skeletons (Ossuary)
  2 orc zombies (Ossuary)
  2 rat skeletons (Ossuary)
18 creatures vanquished.

Grand Total: 324 creatures vanquished

Notes
Turn   | Place    | Note
--------------------------------------------------------------
     0 | D:1      | Oddball22 the Demonspawn Monk began the quest for the Orb.
     0 | D:1      | Reached XP level 1. HP: 18/18 MP: 1/1
   364 | D:1      | Gained mutation: You are immune to rotting. [demonic ancestry]
   364 | D:1      | Reached XP level 2. HP: 13/24 MP: 2/2
   898 | D:1      | Reached skill level 4 in Unarmed Combat
  1136 | D:1      | Reached XP level 3. HP: 29/29 MP: 3/3
  1589 | D:2      | Found an oddly glowing altar of Pakellas.
  2040 | D:2      | Noticed Jessica
  2078 | D:2      | Reached XP level 4. HP: 35/35 MP: 4/4
  2079 | D:2      | Noticed Robin
  2131 | D:2      | Killed Robin
  2427 | D:2      | Killed Jessica
  2696 | D:2      | Noticed Ijyb
  2716 | D:2      | Killed Ijyb
  2716 | D:2      | Reached skill level 5 in Unarmed Combat
  2716 | D:2      | Gained mutation: You regenerate a little health from kills. [demonic ancestry]
  2716 | D:2      | Reached XP level 5. HP: 37/42 MP: 5/5
  3238 | D:3      | Found a glowing golden altar of the Shining One.
  3312 | D:3      | Noticed Arkorax's ghost (weakling DsBe)
  3976 | D:4      | Gained mutation: You are partially covered in iridescent scales (AC +4). [demonic ancestry]
  3976 | D:4      | Reached XP level 6. HP: 40/48 MP: 6/6
  4170 | D:4      | Noticed an angel
  4171 | D:4      | Found a glowing silver altar of Zin.
  4172 | D:4      | Found a shimmering altar of Xom.
  4339 | D:4      | Found Ymabbiur's Distillery.
  4395 | D:4      | Reached skill level 6 in Unarmed Combat
  5221 | D:4      | Gained mutation: You have sharp toenails. [demonic ancestry]
  5221 | D:4      | Reached XP level 7. HP: 55/55 MP: 7/7
  5406 | D:5      | Entered Level 5 of the Dungeon
  5712 | D:5      | Reached skill level 5 in Fighting
  5893 | D:5      | Reached skill level 7 in Unarmed Combat
  6604 | D:5      | Gained mutation: You regenerate health from kills. [demonic ancestry]
  6604 | D:5      | Reached XP level 8. HP: 62/62 MP: 8/8
  6964 | D:6      | Reached skill level 5 in Dodging
  7279 | D:3      | Killed Arkorax's ghost
  7398 | D:6      | Found a deep blue altar of Sif Muna.
  7440 | D:6      | Found Mevoariq's Antique Armour Emporium.
  7720 | D:7      | Found a staircase to the Ecumenical Temple.
  7729 | Temple   | Entered the Ecumenical Temple
  7742 | Temple   | Became a worshipper of Ru the Awakened
  7757 | D:7      | Gained mutation: You cannot study or cast Ice magic. [Ru sacrifice]
  7757 | D:7      | Gained mutation: You cannot study or cast Necromancy magic. [Ru sacrifice]
  7757 | D:7      | Gained mutation: You cannot study or cast Translocations magic. [Ru sacrifice]
  7757 | D:7      | Reached * piety under Ru
  7815 | D:7      | Reached skill level 8 in Unarmed Combat
  7967 | D:7      | Found a sand-covered staircase.
  8002 | Ossuary  | Entered an ossuary
  8002 | Ossuary  | Noticed donomii's ghost (amateur GrAK)
  8048 | Ossuary  | Killed donomii's ghost
  8412 | Ossuary  | Noticed Menkaure
  8418 | Ossuary  | Killed Menkaure
  8490 | D:7      | Gained mutation: You may emit foul miasma when damaged in melee. [demonic ancestry]
  8490 | D:7      | Reached XP level 9. HP: 71/71 MP: 9/9
  8844 | D:8      | Reached skill level 9 in Unarmed Combat
  9008 | D:8      | Noticed a troll
  9019 | D:8      | Killed a troll
  9888 | D:9      | Found a roughly hewn altar of Beogh.
  9888 | D:9      | Found a staircase to the Orcish Mines.
  9970 | D:9      | Reached skill level 10 in Unarmed Combat
 10102 | D:9      | Gained mutation: You frequently emit foul miasma when damaged in melee. [demonic ancestry]
 10102 | D:9      | Reached XP level 10. HP: 72/80 MP: 10/10
 10359 | D:9      | Found an opulent altar of Gozag.
 10373 | D:9      | Found a white marble altar of Elyvilon.
 10373 | D:9      | Found an ancient bone altar of Kikubaaqudgha.
 10377 | D:9      | Found a sparkling altar of Nemelex Xobeh.
 10452 | D:10     | Entered Level 10 of the Dungeon
 10452 | D:10     | Noticed SirMumm's ghost (novice HEWz)
 10924 | D:10     | Paralysed by SirMumm's ghost for 4 turns
 10950 | D:10     | Killed SirMumm's ghost
 10950 | D:10     | Reached skill level 11 in Unarmed Combat
 10957 | D:10     | Got an ichor-stained flail
 10958 | D:10     | Identified the +8 flail "Pinni" {crush, MR+} (You found it on level 10 of the Dungeon)
 11249 | D:10     | Noticed a hill giant
 11263 | D:10     | Noticed Sonja
 11280 | D:10     | HP: 1/82 [hill giant/giant club (29)]
 11281 | D:10     | Succumbed to Sonja's poison

Vault maps used:
D:1:      dpeg_arrival_court
D:2:      grunt_pakellas_salt, uniq_iyjb, uniq_jessica, uniq_robin
D:3:      tso_oasis_becter
D:4:      grunt_temple_overflow_order_and_chaos_1, first_bread, serial_shops,
          shop
D:6:      led_sif_book, serial_shops, shop, amalloy_card_club
D:7:      minmay_temple_entry_junction, enter_ossuary_1, nrook_loot_triangle
D:8:      grunt_livestock
D:9:      grunt_temple_overflow_open, david_orc_5
D:10:     lemuel_flame_loot_2, lair_0_dummy, uniq_sonja, uniq_snorg
Temple:   zaba_magenta_temple_12
Ossuary:  ossuary_due_pyramid

Skill      XL: |  1  2  3  4  5  6  7  8  9 10 |
---------------+-------------------------------+-----
Unarmed Combat | 4 5 6 7 8 10 11 | 11.3
Dodging        | 3 4 5 7 8 |  8.0
Fighting       | 4 5 6 7 8 |  8.8
Stealth        | |  1.7

Action                   |  1- 3 |  4- 6 |  7- 9 | 10-12 || total
-------------------------+-------+-------+-------+-------++-------
Melee: Unarmed           |   173 |   301 |   336 |       ||   810
       Whip              |       |       |   362 |   194 ||   556
Throw: Tomahawk          |       |       |     5 |       ||     5
Invok: Sacrifice Arcana  |       |       |     1 |       ||     1
       Reject Sacrifices |       |       |     1 |       ||     1
Evoke: Wand              |       |       |     1 |     2 ||     3
  Use: Potion            |     4 |       |       |     2 ||     6
       Scroll            |       |       |     1 |     1 ||     2
 Stab: Sleeping          |     5 |     6 |    12 |       ||    23
       Distracted        |       |       |     2 |       ||     2
       Confused          |       |       |       |     1 ||     1
       Invisible         |       |       |       |     1 ||     1
  Eat: Chunk             |     4 |    10 |    17 |     9 ||    40
       Beef jerky        |       |       |     2 |       ||     2
